 Dungeon Crawl Stone Soup version 0.25-a0-435-g4b9beb1024 (webtiles) character file.

Game seed: 12590632740641107803, levelgen mode: deterministic

485 OlSheep the Thaumaturge (level 6, -2/32 HPs)
             Began as a Deep Elf Wizard on Jan 26, 2020.
             Killed by nerve-wracking pain
             ... invoked by Menkaure
              (5 damage)
             ... on level 5 of the Dungeon.
             The game lasted 00:26:23 (4852 turns).

OlSheep the Thaumaturge (Deep Elf Wizard)           Turns: 4852, Time: 00:26:23

Health: -2/32      AC:  4    Str:  7    XL:     6   Next: 88%
Magic:  19/19      EV: 13    Int: 25    God:
Gold:   255        SH:  0    Dex: 13    Spells: 11/21 levels left

rFire    . . .     SeeInvis .   y - staff of wizardry
rCold    . . .     Gourm    .   (no shield)
rNeg     . . .     Faith    .   a - +0 robe
rPois    .         Spirit   .   h - +0 helmet
rElec    .         Reflect  .   (no cloak)
rCorr    .         Harm     .   v - +0 pair of gloves {Str+3}
MR       .....                  (no boots)
Stlth    ++........             (no amulet)
HPRegen  0.10/turn              p - ring of flight
MPRegen  0.16/turn              (no ring)

@: hasted, very quick
A: no striking features
a: Evoke Flight


You were on level 5 of the Dungeon.
You were hungry.

You visited 1 branch of the dungeon, and saw 5 of its levels.

You collected 255 gold pieces.

Inventory:

Hand Weapons
 r - a +2 dagger of venom
Missiles
 g - 30 poisoned darts (quivered)
Armour
 a - a +0 robe (worn)
 h - a +0 helmet (worn)
 m - a +4 ring mail
 v - a +0 pair of gloves of strength (worn)
Magical Staves
 y - an uncursed staff of wizardry (weapon)
Jewellery
 p - a ring of flight (left hand)
Wands
 j - a wand of paralysis (8)
 z - a wand of clouds (3)
Scrolls
 e - 5 scrolls of identify
 i - a scroll of blinking
 k - 5 scrolls of remove curse
 q - 2 scrolls of enchant armour {unknown}
 s - a scroll of fear {unknown}
Potions
 b - a potion of flight
 c - a potion of heal wounds {unknown}
 f - 3 potions of curing
 l - a potion of berserk rage {unknown}
 n - 2 potions of haste
 o - a potion of degeneration {unknown}
 t - a potion of brilliance {unknown}
 u - a potion of lignification {unknown}
 w - a potion of resistance {unknown}
 x - 2 potions of mutation {unknown}
Comestibles
 d - 7 rations


   Skills:
 + Level 3.3 Dodging
 + Level 3.2 Stealth
 + Level 8.2 Spellcasting
 + Level 2.7 Conjurations
 - Level 3.0 Summonings
 + Level 1.1 Translocations
 + Level 1.3 Air Magic
 + Level 0.9 Poison Magic


You had 11 spell levels left.
You knew the following spells:

 Your Spells              Type           Power        Failure   Level  Hunger
a - Magic Dart            Conj           ###.         1%          1    None
b - Call Imp              Summ           ####....     1%          2    None
c - Blink                 Tloc           N/A          2%          2    None
d - Mephitic Cloud        Conj/Pois/Air  ###.....     3%          3    None
e - Slow                  Hex            ##......     3%          2    None

Your spell library contained the following spells:

 Spells                   Type           Power        Failure   Level  Hunger
 Conjure Flame            Conj/Fire      ###.....     4%          3    None


Dungeon Overview and Level Annotations

Branches:
Dungeon (5/15)
 Temple: D:4-7

Altars:
Makhleb

Annotations:
D:4 2 transporters, eskilway's ghost, novice MiBe
D:5 Menkaure


Message History

You see here 14 sling bullets.
You hear the brisk rusting of a very distant drain.
There is a stone staircase leading down here.
There is an open door here.
Found a dagger.
Menkaure shouts!
You hear a shout! x2
Menkaure casts a spell.
Menkaure seems to speed up.
Menkaure calls on the powers of darkness!
Your body is wracked with pain!
Menkaure is too close now for your liking.
Menkaure is nearby!
Menkaure points at you and mumbles some strange words.
Pain shoots through your body!
* * * LOW HITPOINT WARNING * * *
You hear the brisk rusting of a very distant drain.
It was a potion of haste.
You feel yourself speed up.
Menkaure gestures at you while chanting.
Pain shoots through your body!
You die...

#.########'## #.# #.....# #.#
#....?# #.# #.....# #.#
#.....# #.# #.....# #.#
#.....#
#.#####.....##################
#.........>.'@....M...........
#######.....#################.
####.## #. #.# #. #.#########
## #.......... .).....
#.#........ #######
#.#.####### # #.#.#


You could see Menkaure.

Vanquished Creatures
  2 orc wizards
  A worker ant (D:5)
  3 adders
  2 worms (D:2)
  4 dart slugs
  A leopard gecko (D:4)
  6 orcs
  4 giant cockroaches
  10 goblins
  6 hobgoblins
  6 kobolds
  A quokka (D:3)
  8 bats
  8 frilled lizards
  8 rats
70 creatures vanquished.

Vanquished Creatures (collateral kills)
  Sigmund (D:4)
  2 ogres (D:4)
  A quasit (D:5)
  An iguana (D:4)
  2 worker ants
  An orc wizard (D:4)
  4 adders
  An adder skeleton (D:4)
  5 worms
  A leopard gecko (D:4)
  7 orcs
  6 goblins (D:3)
  2 hobgoblins (D:3)
34 creatures vanquished.

Grand Total: 104 creatures vanquished

Notes
Turn   | Place    | Note
-------+----------+-------------------------------------------
     0 | D:1      | OlSheep the Deep Elf Wizard began the quest for the Orb.
     0 | D:1      | Reached XP level 1. HP: 10/10 MP: 7/7
   384 | D:1      | Reached skill level 5 in Spellcasting
   386 | D:1      | Reached XP level 2. HP: 15/15 MP: 6/10
   795 | D:2      | Learned a level 2 spell: Call Imp
   857 | D:2      | Reached XP level 3. HP: 17/19 MP: 3/12
   861 | D:2      | Learned a level 2 spell: Blink
   865 | D:2      | Learned a level 3 spell: Mephitic Cloud
  1198 | D:2      | Learned a level 2 spell: Slow
  1624 | D:2      | Reached skill level 6 in Spellcasting
  1737 | D:2      | Reached XP level 4. HP: 24/24 MP: 12/14
  2873 | D:4      | Noticed Sigmund
  3174 | D:4      | Reached XP level 5. HP: 28/28 MP: 9/16
  3312 | D:4      | Noticed a phantom
  3441 | D:3      | Reached skill level 7 in Spellcasting
  4046 | D:4      | Noticed an ogre
  4067 | D:4      | Killed Sigmund
  4067 | D:4      | Reached XP level 6. HP: 21/32 MP: 10/18
  4216 | D:4      | Reached skill level 8 in Spellcasting
  4237 | D:4      | Found a transporter.
  4237 | D:4      | Noticed eskilway's ghost (novice MiBe)
  4240 | D:4      | Found a transporter.
  4545 | D:5      | Entered Level 5 of the Dungeon
  4549 | D:5      | Found a burning altar of Makhleb.
  4607 | D:5      | Reached skill level 1 in Air Magic
  4642 | D:5      | Noticed Menkaure
  4852 | D:5      | Killed from afar by Menkaure

Levels and vault maps discovered:
D:1:      nicolae_arrival_somewhat_less_tricky_arrival, layout_basic
D:2:      layout_loops_cross, first_ration
D:3:      kennysheep_the_goblin_king, layout_rooms, serial_corexii_hall,
          chequers_hall_statues_wall_a, chequers_hall_statues_corner_a
D:4:      layout_cave_pools, gammafunk_ghost_arena, uniq_sigmund
D:5:      layout_basic, kennysheep_mini_moat, portal_sewer_entry_e,
          uniq_menkaure

Skill      XL: |  1  2  3  4  5  6 |
---------------+-------------------+-----
Spellcasting   | 5 6 7 8 |  8.2
Stealth        | 3 |  3.2
Summonings     | 2 3 |  3.0
Conjurations   | 2 |  2.7
Dodging        | 3 |  3.3
Air Magic      | 1 |  1.3
Translocations | |  1.1
Poison Magic   | |  0.9

Action                   |  1- 3 |  4- 6 || total
-------------------------+-------+-------++-------
Melee: Unarmed           |     1 |     1 ||     2
       Staff             |       |     1 ||     1
Throw: Dart              |     3 |     7 ||    10
 Cast: Magic Dart        |   100 |    93 ||   193
       Call Imp          |    14 |    39 ||    53
       Mephitic Cloud    |     2 |    13 ||    15
       Slow              |     1 |       ||     1
       Blink             |       |     2 ||     2
  Use: Scroll            |       |     9 ||     9
       Potion            |       |     1 ||     1
  Eat: Chunk             |     2 |     9 ||    11
Armor: Robe              |     7 |     7 ||    14
Dodge: Dodged            |    22 |    25 ||    47

Table legend:
 A = Non-vault XP
 B = Vault XP
 C = Vault XP percentage of total XP
 D = Non-vault monster count
 E = Vault monster count
 F = Vault count percentage of total count
                 A         B        C        D         E       F
            +---------+---------+-------+---------+---------+-------
      Total |     550 |     144 |  20.7 |      96 |       8 |   7.7
            +---------+---------+-------+---------+---------+-------
        D:1 |      32 |       0 |   0.0 |      20 |       0 |   0.0
        D:2 |      73 |       0 |   0.0 |      29 |       0 |   0.0
        D:3 |      88 |       7 |   7.4 |      21 |       7 |  25.0
        D:4 |     266 |     137 |  34.0 |      22 |       1 |   4.3
        D:5 |      91 |       0 |   0.0 |       4 |       0 |   0.0
            +---------+---------+-------+---------+---------+-------
